 Dungeon Crawl Stone Soup version 0.27-b1-42-g19c61b19a5 (webtiles) character file.

Game seed: 11355901644305861951

704 ZARRMARR the Chopper (level 7, -8/90 HPs)
             Began as a Hill Orc Fighter on July 30, 2021.
             Was a Follower of Beogh.
             Engulfed by a steam dragon's steam (12 damage)
             ... on level 5 of the Dungeon.
             The game lasted 00:24:21 (5315 turns).

ZARRMARR the Chopper (Hill Orc Fighter)             Turns: 5315, Time: 00:24:21

Health: -8/90      AC:  8    Str: 21    XL:     7   Next: 67%
Magic:  7/7        EV:  8    Int:  6    God:    Beogh [*.....]
Gold:   263        SH:  9    Dex: 10    Spells: 6/6 levels left

rFire    . . .     SeeInvis .   s - +3 flail
rCold    . . .     Faith    .   c - +0 kite shield
rNeg     . . .     Spirit   .   b - +0 scale mail
rPois    .         Reflect  .   t - +0 helmet
rElec    .         Harm     .   (no cloak)
rCorr    .         Rampage  .   (no gloves)
Will     .....                  (no boots)
Stlth    ..........             (no amulet)
HPRegen  0.25/turn              (no ring)
MPRegen  0.10/turn              (no ring)

@: berserking, very quick
A: dopey 1, MP-powered wands
a: Renounce Religion


You were on level 5 of the Dungeon.
You worshipped Beogh.
Beogh was aware of your devotion.
You visited 1 branch of the dungeon, and saw 5 of its levels.

You collected 263 gold pieces.

Inventory:

Hand Weapons
 s - a +3 flail (weapon)
Missiles
 a - 7 boomerangs (quivered)
 e - 217 stones
 q - 5 atropa-tipped darts
 u - a throwing net
Armour
 b - a +0 scale mail (worn)
 c - a +0 kite shield (worn)
 t - a +0 helmet (worn)
Wands
 g - a wand of flame (23)
Scrolls
 k - 3 scrolls of magic mapping
 n - a scroll of holy word
 o - a scroll of immolation
 r - a scroll of enchant armour
Potions
 d - a potion of might
 f - a potion of curing {unknown}
 h - 3 potions of flight
 i - 3 potions of haste
 j - 2 potions of attraction
 l - a potion of mutation
 m - a potion of invisibility {unknown}
 p - a potion of berserk rage


   Skills:
 + Level 4.9 Fighting
 - Level 4.9(5.6) Axes
 + Level 3.3(4.3) Maces & Flails
 * Level 3.1 Throwing
 + Level 4.8 Armour
 + Level 1.3 Dodging
 - Level 0.1 Stealth
 + Level 4.5 Shields


You had 6 spell levels left.
You didn't know any spells.
Your spell library was empty.

Dungeon Overview and Level Annotations

Branches:
Dungeon (5/15)
 Temple: D:4-7

Altars:
Fedhas
Hepliaklqana
Kikubaaqudgha
Makhleb
Okawaru
Ru
Trog
Xom


Innate Abilities, Weirdness & Mutations

You are dopey. (Int -2)
You expend magic power (3 MP) to strengthen your wands.


Message History

* * * LOW HITPOINT WARNING * * *
The steam dragon claws you but does no damage.
Hit: s) +3 flail
Press: ? - help, Dir - move target, f/p - steam dragon
Aim: a steam dragon (moderately wounded, about 40% to evade your +3 flail)
You sock the steam dragon!
The steam dragon is heavily wounded.
The steam dragon bites you.
* * * LOW HITPOINT WARNING * * *
The steam dragon barely misses you.
Hit: s) +3 flail
Press: ? - help, Dir - move target, f/p - steam dragon
Aim: a steam dragon (heavily wounded, about 40% to evade your +3 flail)
You closely miss the steam dragon.
The steam dragon is heavily wounded.
You block the steam dragon's attack. x2
Unknown command.
Hit: s) +3 flail
Press: ? - help, Dir - move target, f/p - steam dragon
Aim: a steam dragon (heavily wounded, about 40% to evade your +3 flail)
You hit the steam dragon.
The steam dragon is heavily wounded.
A nearby fungus withers and dies.
The steam dragon breathes steam at you. The ball of steam misses you.
The steam dragon bites you.
* * * LOW HITPOINT WARNING * * *
The steam dragon claws you but does no damage.
Hit: s) +3 flail
Press: ? - help, Dir - move target, f/p - steam dragon
Aim: a steam dragon (heavily wounded, about 40% to evade your +3 flail)
You bludgeon the steam dragon!!
You kill the steam dragon!
Beogh accepts your kill.
You are engulfed in a cloud of scalding steam.
Your base Maces & Flails skill increases to level 3!
Your Throwing skill increases to level 3!
You thump the steam dragon!
The steam dragon is heavily wounded.
You are engulfed in a cloud of scalding steam.
You die...

#P.≈#
#.....#
#..^#
#.....#
#...#
#.....#
#P.≈#
#....†#####
#≈..#
#..........
#..##
#..........
#≈.#
##..........
##D.#
#...........
#.@.#
#.##########
#§§§# #.# #
#§.§# #.#
#§§§## #.#
#..≈P# #.#
#..^.###.#
##P..≈≈##.#
#.^..^≈##.#
#≈P.PPP##.#


You could see a steam dragon.

Vanquished Creatures
  A steam dragon (D:5)
  A necrophage (D:5)
  2 hounds
  2 jellies (D:5)
  A gnoll shaman (D:5)
  An iguana (D:4)
  A hound skeleton (D:4)
  10 gnolls
  8 adders
  4 worms
  A dart slug (D:4)
  An orc (D:3)
  7 bats
  11 endoplasms
  3 giant cockroaches (D:1)
  6 goblins
  9 hobgoblins
  19 jackals
  7 kobolds
  A quokka (D:4)
  13 ball pythons
  A frilled lizard (D:1)
  3 rats (D:1)
113 creatures vanquished.

Vanquished Creatures (others)
  An orc (D:3)
  A kobold (D:3)
  6 fungi (D:5)
8 creatures vanquished.

Grand Total: 121 creatures vanquished

Notes
Turn   | Place    | Note
-------+----------+-------------------------------------------
     0 | D:1      | ZARRMARR the Hill Orc Fighter began the quest for the Orb.
     0 | D:1      | Reached XP level 1. HP: 19/19 MP: 1/1
   157 | D:1      | Reached XP level 2. HP: 27/27 MP: 2/2
   322 | D:1      | Reached XP level 3. HP: 30/33 MP: 3/3
  1161 | D:1      | Reached XP level 4. HP: 40/40 MP: 4/4
  2074 | D:3      | Reached skill level 1 in Throwing
  2256 | D:3      | Found a sacrificial altar of Ru.
  2265 | D:3      | Became a worshipper of Ru the Awakened
  2370 | D:3      | Fell from the grace of Ru
  2370 | D:3      | Became a worshipper of Beogh the Brigand
  2380 | D:3      | Reached XP level 5. HP: 41/47 MP: 5/5
  2780 | D:3      | Found a burning altar of Makhleb.
  3511 | D:4      | Reached skill level 1 in Dodging
  3517 | D:4      | Reached XP level 6. HP: 46/53 MP: 6/6
  3965 | D:4      | Found an iron altar of Okawaru.
  3991 | D:4      | Reached * piety under Beogh
  4407 | D:5      | Entered Level 5 of the Dungeon
  4469 | D:5      | Reached skill level 1 in Maces & Flails
  4474 | D:5      | Found a hazy altar of Hepliaklqana.
  4474 | D:5      | Found a bloodstained altar of Trog.
  4628 | D:5      | Found a shimmering altar of Xom.
  4687 | D:5      | Found an ancient bone altar of Kikubaaqudgha.
  4689 | D:5      | Found a blossoming altar of Fedhas.
  4723 | D:5      | Noticed a necrophage
  4734 | D:5      | Killed a necrophage
  4751 | D:5      | Reached XP level 7. HP: 60/60 MP: 7/7
  5297 | D:5      | Noticed a steam dragon
  5299 | D:5      | Noticed a steam dragon
  5307 | D:5      | Gained mutation: You expend magic power (3 MP) to
                  | strengthen your wands. [potion of mutation]
  5307 | D:5      | Gained mutation: You are dopey. (Int -2) [potion of
                  | mutation]
  5313 | D:5      | HP: 4/90 [steam dragon (2)]
  5314 | D:5      | Killed a steam dragon
  5315 | D:5      | Engulfed by a steam dragon's steam

Illustrated notes

Levels and vault maps discovered:
D:1:      dpeg_arrival_rhombus, layout_basic
D:2:      layout_rooms
D:3:      layout_basic, mainiacjoe_overflow_surrounded_room,
          general_overflow_altar, serial_curves, eino_curves_02, eino_curves_02
D:4:      layout_rooms, nicolae_overflow_crystal_walls, minmay_circle_x
D:5:      kennysheep_steamy, layout_basic,
          grunt_temple_overflow_growth_and_decay, lemuel_round_altar,
          grunt_temple_overflow_open

Skill      XL: |  1  2  3  4  5  6  7 |
---------------+----------------------+-----
Fighting       | 4 |  4.9
Axes           | 3 4 |  4.9
Throwing       | 1 2 3 |  3.1
Shields        | 4 |  4.5
Armour         | 4 |  4.8
Dodging        | 1 |  1.3
Maces & Flails | 2 3 |  3.3
Stealth        | |  0.1

Action                   |  1- 3 |  4- 6 |  7- 9 || total
-------------------------+-------+-------+-------++-------
Melee: War axe           |   107 |   195 |       ||   302
       Flail             |       |    51 |    32 ||    83
Throw: Stone             |    59 |   134 |       ||   193
       Boomerang         |       |     8 |    11 ||    19
Invok: Convert to Beogh  |       |     1 |       ||     1
  Use: Scroll            |       |     9 |       ||     9
       Potion            |       |       |     2 ||     2
Armor: Scale mail        |    49 |   109 |    13 ||   171
Dodge: Dodged            |    38 |    82 |    10 ||   130
Block: Kite shield       |    62 |   129 |    20 ||   211
